 Dungeon Crawl Stone Soup version 0.23-a0-182-g58cdd98f8d (webtiles) character file.

18218 PikkenKukken the Basher (level 12, -3/110 HPs)
             Began as a Deep Dwarf Fighter on Sept 20, 2018.
             Was an Elder of Makhleb.
             Slain by Rupert
             ... wielding a +0 great mace of crushing
              (17 damage)
             ... on level 3 of the Lair of Beasts.
             The game lasted 00:18:39 (10693 turns).

PikkenKukken the Basher (Deep Dwarf Fighter)       Turns: 10693, Time: 00:18:39

Health: -3/110     AC: 19    Str: 27    XL:     12   Next: 25%
Magic:  14/14      EV: 12    Int: 10    God:    Makhleb [****..]
Gold:   824        SH: 13    Dex: 13    Spells: 11/11 levels left

rFire    . . .     SeeInvis .   d - +4 eveningstar
rCold    . . .     Gourm    .   c - +1 shield
rNeg     . . .     Faith    .   G - +0 plate armour
rPois    .         Spirit   .   I - +2 hat
rElec    .         Reflect  .   n - +0 cloak
rCorr    .         Harm     .   (no gloves)
MR       +....                  s - +0 pair of boots
Stlth    ..........             (no amulet)
HPRegen  0.00/turn              j - +2 ring of evasion
MPRegen  0.14/turn              i - +4 ring of strength

@: non-regenerating
A: damage resistance, heal wounds, sense surroundings 2, no regeneration
a: Heal Wounds, Minor Destruction, Lesser Servant of Makhleb, Major Destruction,
Renounce Religion


You were on level 3 of the Lair of Beasts.
You worshipped Makhleb.
Makhleb was greatly pleased with you.
You were not hungry.

You visited 3 branches of the dungeon, and saw 15 of its levels.
You also visited: Sewer.

You collected 824 gold pieces.

Inventory:

Hand Weapons
 d - a +4 eveningstar (weapon)
 k - a +2 whip of electrocution
Armour
 c - a +1 shield (worn)
 n - a +0 cloak (worn)
 s - a +0 pair of boots (worn)
 z - a +0 scale mail of fire resistance
 A - a +0 scale mail of cold resistance
 G - a +0 plate armour (worn)
 I - a +2 hat (worn)
Jewellery
 i - a +4 ring of strength (right hand)
 j - a +2 ring of evasion (left hand)
 K - an uncursed ring of protection from cold
Wands
 o - a wand of random effects (24)
 q - a wand of iceblast (7)
 v - a wand of digging (33)
 y - a wand of polymorph (37)
 F - a wand of acid (4)
Scrolls
 a - 10 scrolls of identify
 e - 5 scrolls of remove curse
 h - 5 scrolls of enchant armour
 m - 4 scrolls of teleportation
 p - 2 scrolls of enchant weapon
 r - 3 scrolls of blinking
 w - a scroll of immolation
 x - 3 scrolls of fear
 E - a scroll of amnesia
 J - a scroll of fog
Potions
 b - 2 potions of curing
 g - 3 potions of heal wounds
 l - 2 potions of magic
 t - a potion of ambrosia
 u - 2 potions of flight
 B - a potion of might
 C - a potion of lignification
 D - 2 potions of haste
Comestibles
 f - 33 rations
 H - 15 chunks of flesh


   Skills:
 + Level 7.8 Fighting
 * Level 11.2 Maces & Flails
 + Level 9.3 Armour
 + Level 8.5 Dodging
 + Level 9.3 Shields
 + Level 9.1 Invocations


You had 11 spell levels left.
You didn't know any spells.
Your spell library was empty.

Dungeon Overview and Level Annotations

Branches:
Dungeon (10/15)            Temple (1/1) D:4            Lair (4/6) D:9
 Shoals (0/4) Lair:2       Spider (0/4) Lair:3
    Orc: D:9-12

Altars:
Ashenzari
Cheibriados
Dithmenos
Fedhas
Gozag
Hepliaklqana
Kikubaaqudgha
Makhleb
Nemelex Xobeh
Okawaru
Qazlal
Ru
Sif Muna
Trog
Vehumet
Wu Jian
Zin
The Shining One

Annotations:
Lair:3 Rupert
Lair:4 Snorg


Innate Abilities, Weirdness & Mutations

You are resistant to damage.
You can heal yourself by infusing magical energy.
You passively map the area around you.
You do not regenerate.


Message History

You block the water moccasin's attack.
Unknown command.
You strike the helpless Rupert from behind!
You hit Rupert.
Rupert is lightly wounded.
Rupert hits you with a great mace of crushing!!
* * * LOW HITPOINT WARNING * * *
x2 Your orange demon stings Rupert but does no damage.
You block the water moccasin's attack.
You puncture Rupert!
Rupert is lightly wounded.
Rupert barely misses you. The water moccasin misses you.
Your orange demon stings Rupert from afar!
Rupert looks as sick as possible!
Your orange demon poisons Rupert!
You block the water moccasin's attack.
Unknown command.
You puncture Rupert!
Rupert is moderately wounded.
Rupert hits you with a great mace of crushing!!
You die...

............#.......#............
..................##.............
..................###............
....#.............# #P..)......P#
....##.P##...##...###.P.......###
#............##.....###.#.....##
#........#..#.4................#
................@S.............##
................@..............##
.....................>...........
..)......#..PP#........##........
.........#.............#.....####
..........#P......#.#...#....# #
...................##P.##...#####
....................##.##...#...#
....)..................#.........
.....................#...........


You could see Rupert (berserk), a water moccasin and a friendly orange demon.

Vanquished Creatures
  Harold (Lair:1)
  A hydra (Lair:3)
  2 two-headed ogres
  Urug (Lair:1)
  Maurice (D:10)
  A black mamba (Lair:1)
  5 spiny frogs
  2 komodo dragons
  The ghost of MeekVeins the Firebug, a novice DEFE (D:4)
  A hornet (D:10)
  4 blink frogs (Lair:2)
  3 hippogriffs
  A snapping turtle (Lair:2)
  3 redbacks (Lair:3)
  28 yaks
  8 porcupines
  2 water moccasins
  5 sky beasts
  Purgy (Sewer)
  An ice beast (D:8)
  An orc warrior (D:9)
  2 black bears
  5 ogres
  A centaur (D:6)
  7 crocodiles
  2 big kobolds
  11 bullfrogs
  A wyvern zombie (D:6)
  4 scorpions
  8 killer bees
  3 electric eels (D:7)
  4 howler monkeys (D:8)
  2 crimson imps
  A bullfrog skeleton (D:7)
  4 hounds
  6 jellies
  4 orc priests
  5 orc wizards
  Ijyb (D:3)
  An iguana (D:5)
  4 worker ants
  A hound skeleton (D:9)
  A worker ant zombie (D:8)
  6 gnolls
  A howler monkey skeleton (D:8)
  A river rat (D:6)
  11 adders
  2 oozes (D:1)
  An adder zombie (D:7)
  2 worms
  3 dart slugs
  8 leopard geckos
  20 orcs
  7 bats
  6 giant cockroaches
  5 goblins
  6 hobgoblins
  17 jackals
  4 quokkas
  3 ball pythons
  5 frilled lizards
  A jackal skeleton (D:7)
  13 kobolds
  A quokka skeleton (D:5)
  A quokka zombie (D:9)
  7 rats
282 creatures vanquished.

Vanquished Creatures (collateral kills)
  A rime drake (Lair:4)
  A porcupine (Lair:4)
2 creatures vanquished.

Vanquished Creatures (others)
  3 fungi
  4 plants
7 creatures vanquished.

Grand Total: 291 creatures vanquished

Notes
Turn   | Place    | Note
-------+----------+-------------------------------------------
     0 | D:1      | PikkenKukken the Deep Dwarf Fighter began the quest for the
                  | Orb.
     0 | D:1      | Reached XP level 1. HP: 20/20 MP: 1/1
    80 | D:1      | Reached XP level 2. HP: 27/27 MP: 2/2
   450 | D:1      | Reached XP level 3. HP: 25/33 MP: 3/3
   620 | D:2      | Reached skill level 1 in Dodging
   858 | D:2      | Reached skill level 3 in Maces & Flails
   893 | D:2      | Noticed an ogre
   911 | D:2      | Reached XP level 4. HP: 19/42 MP: 4/4
   919 | D:2      | Killed an ogre
   919 | D:2      | Reached XP level 5. HP: 13/49 MP: 5/5
  1002 | D:2      | Found an ornate altar of the Wu Jian Council.
  1002 | D:2      | Found a glowing silver altar of Zin.
  1007 | D:2      | Found a shadowy altar of Dithmenos.
  1017 | D:2      | Found a stormy altar of Qazlal.
  1555 | D:3      | Found a sacrificial altar of Ru.
  1716 | D:3      | Reached XP level 6. HP: 41/56 MP: 3/3
  1752 | D:3      | Reached skill level 4 in Maces & Flails
  1986 | D:4      | Noticed Ijyb
  2000 | D:3      | Killed Ijyb
  2137 | D:4      | Found a runed door.
  2141 | D:4      | Noticed MeekVeins's ghost (novice DEFE)
  2219 | D:4      | Killed MeekVeins's ghost
  2219 | D:4      | Reached skill level 5 in Maces & Flails
  2219 | D:4      | Reached skill level 5 in Shields
  2219 | D:4      | Reached XP level 7. HP: 56/64 MP: 4/4
  2303 | D:4      | Found a staircase to the Ecumenical Temple.
  2335 | Temple   | Entered the Ecumenical Temple
  2363 | Temple   | Became a worshipper of Makhleb the Destroyer
  2509 | D:4      | Found a hazy altar of Hepliaklqana.
  2653 | D:4      | Reached skill level 5 in Armour
  2781 | D:5      | Entered Level 5 of the Dungeon
  2948 | D:5      | Reached skill level 1 in Invocations
  3134 | D:5      | Reached XP level 8. HP: 47/72 MP: 5/5
  3310 | D:5      | Found a shattered altar of Ashenzari.
  3310 | D:5      | Found an opulent altar of Gozag.
  3520 | D:6      | Reached * piety under Makhleb
  3556 | D:6      | Found a glowing drain.
  3575 | Sewer    | Entered a sewer
  3632 | Sewer    | Noticed Purgy
  3638 | Sewer    | Killed Purgy
  3638 | Sewer    | Reached skill level 6 in Maces & Flails
  4900 | D:7      | You fall through a shaft for 3 floors!
  4900 | D:10     | Entered Level 10 of the Dungeon
  4927 | D:10     | Reached skill level 5 in Fighting
  4927 | D:10     | Reached skill level 7 in Maces & Flails
  4927 | D:10     | Gained mutation: You passively map the area around you.
                  | [Deep Dwarf growth]
  4927 | D:10     | Reached XP level 9. HP: 56/81 MP: 8/8
  4933 | D:10     | Reached skill level 5 in Dodging
  4946 | D:10     | Reached ** piety under Makhleb
  5259 | D:8      | Noticed a two-headed ogre
  5268 | D:8      | Killed a two-headed ogre
  5268 | D:8      | Reached skill level 8 in Maces & Flails
  5268 | D:8      | Reached skill level 5 in Invocations
  5440 | D:8      | Found a glowing golden altar of the Shining One.
  5516 | D:7      | Reached XP level 10. HP: 75/91 MP: 11/11
  6958 | D:9      | Found a staircase to the Lair.
  7440 | D:10     | Noticed a two-headed ogre
  7448 | D:10     | Killed a two-headed ogre
  7532 | D:10     | Reached skill level 9 in Maces & Flails
  7661 | D:10     | Reached *** piety under Makhleb
  7712 | D:10     | Noticed Maurice
  7736 | D:10     | Killed Maurice
  8108 | Lair:1   | Entered Level 1 of the Lair of Beasts
  8381 | Lair:1   | Reached XP level 11. HP: 52/99 MP: 13/13
  8460 | Lair:1   | Noticed Urug
  8482 | Lair:1   | Killed Urug
  8492 | Lair:1   | Noticed Harold
  8503 | Lair:1   | Killed Harold
  8507 | Lair:1   | Reached skill level 10 in Maces & Flails
  9650 | Lair:2   | Found a staircase to the Shoals.
  9930 | Lair:3   | Reached **** piety under Makhleb
 10035 | Lair:3   | Found a hole to the Spider Nest.
 10055 | Lair:3   | Reached XP level 12. HP: 99/109 MP: 14/14
 10168 | Lair:3   | Reached skill level 11 in Maces & Flails
 10234 | Lair:3   | Noticed a seven-headed hydra
 10243 | Lair:3   | Killed a seven-headed hydra
 10669 | Lair:4   | Noticed Snorg
 10673 | Lair:4   | Noticed Rupert
 10693 | Lair:3   | Slain by Rupert

Vault maps used:
D:1:      mrwooster_arrival_statue_2, skrybe_limestone_x
D:2:      kennysheep_big_flooded_room, grunt_temple_overflow_cloverleaf
D:3:      first_ration, nicolae_ru_awakened_eye
D:4:      lemuel_doored_altar, temple_doors_e, ebering_ghost_sewer_d,
          item_on_display_a, uniq_ijyb
D:5:      gammafunk_temple_overflow_elements
D:6:      cheibrodos_sewer_entry_sluice
D:7:      serial_bayou, serial_bayou_shore_b, serial_bayou_lagoon_b,
          serial_bayou_lagoon_a, serial_bayou_shore_a, serial_bayou_pond_d,
          grunt_ogre_cave
D:8:      nicolae_tso_carved_into_rock
D:9:      grunt_lair_entry_orc_guard_hut
D:10:     uniq_maurice
Temple:   nicolae_temple_great_sept
Lair:1:   serial_bayou_ford_a, uniq_urug, uniq_harold
Lair:2:   minmay_shoals_entry_hut, lemuel_fruit_tree, lemuel_fruit_fields
Lair:3:   spider_nest_entry_webs
Lair:4:   grunt_megastairs_4, uniq_snorg, uniq_rupert
Sewer:    kennysheep_door_sewer

Skill      XL: |  1  2  3  4  5  6  7  8  9 10 11 12 |
---------------+-------------------------------------+-----
Dodging        | 1 2 3 4 5 7 8 |  8.5
Fighting       | 3 4 5 6 7 |  7.8
Maces & Flails | 3 5 7 8 9 10 11 | 11.2
Armour         | 4 5 6 7 9 |  9.3
Shields        | 4 5 6 8 9 |  9.3
Invocations    | 1 3 5 7 8 9 |  9.1

Action                   |  1- 3 |  4- 6 |  7- 9 | 10-12 || total
-------------------------+-------+-------+-------+-------++-------
Melee: Flail             |   124 |    49 |       |       ||   173
       Whip              |       |   174 |   417 |   364 ||   955
       Eveningstar       |       |       |       |   291 ||   291
Invok: Lesser Servant of |       |       |       |     3 ||     3
 Abil: Heal Wounds       |       |     4 |    10 |     6 ||    20
  Use: Scroll            |     3 |     6 |     4 |     5 ||    18
       Potion            |     1 |     4 |     4 |     2 ||    11
 Stab: Distracted        |       |       |       |     1 ||     1
  Eat: Chunk             |       |     5 |    11 |    13 ||    29
       Ration            |       |       |       |     2 ||     2
Armor: Scale mail        |    59 |    63 |    27 |       ||   149
       Chain mail        |       |       |    80 |    27 ||   107
       Plate armour      |       |       |       |   193 ||   193
Dodge: Dodged            |    42 |    73 |   130 |   218 ||   463
Block: Shield            |    73 |   139 |   197 |   394 ||   803

Table legend:
 A = Non-vault XP
 B = Vault XP
 C = Vault XP percentage of total XP
 D = Non-vault monster count
 E = Vault monster count
 F = Vault count percentage of total count
                 A         B        C        D         E       F
            +---------+---------+-------+---------+---------+-------
      Total |   20887 |    5139 |  19.7 |     254 |      30 |  10.6
            +---------+---------+-------+---------+---------+-------
        D:1 |      44 |       0 |   0.0 |      19 |       0 |   0.0
        D:2 |     215 |      14 |   6.1 |      27 |       2 |   6.9
        D:3 |     161 |      36 |  18.3 |      32 |       1 |   3.0
        D:4 |     265 |     445 |  62.7 |      15 |       4 |  21.1
        D:5 |     337 |       0 |   0.0 |      12 |       0 |   0.0
        D:6 |     415 |      16 |   3.7 |      15 |       2 |  11.8
        D:7 |     572 |     122 |  17.6 |      14 |       1 |   6.7
        D:8 |    1734 |       0 |   0.0 |      23 |       0 |   0.0
        D:9 |     810 |     631 |  43.8 |      14 |       5 |  26.3
       D:10 |    3573 |     496 |  12.2 |      24 |       1 |   4.0
     Lair:1 |    2416 |    1860 |  43.5 |      11 |       2 |  15.4
     Lair:2 |    2423 |     253 |   9.5 |      11 |       1 |   8.3
     Lair:3 |    6536 |     665 |   9.2 |      31 |       3 |   8.8
     Lair:4 |    1386 |     356 |  20.4 |       6 |       2 |  25.0
      Sewer |       0 |     245 | 100.0 |       0 |       6 | 100.0
            +---------+---------+-------+---------+---------+-------
